 Dungeon Crawl Stone Soup version 0.28-a0-750-g7c675f85b1 (webtiles) character file.

Game seed: 16976152303896422553

9 ytrimaz the Skirmisher (level 2, 23/24 HPs)
             Began as a Demonspawn Berserker on Oct 29, 2021.
             Was a Follower of Trog.
             Quit the game on level 1 of the Dungeon.
             The game lasted 00:00:38 (470 turns).

ytrimaz the Skirmisher (Demonspawn Berserker)        Turns: 470, Time: 00:00:38

Health: 23/24      AC:  2    Str: 17    XL:     2   Next: 3%
Magic:  2/2        EV: 12    Int:  8    God:    Trog [*.....]
Gold:   0          SH:  0    Dex: 12    Spells: 1/1 levels left

rFire   . . .      SeeInvis .   a - +0 hand axe
rCold   . . .      Faith    .   (no shield)
rNeg    . . .      Spirit   .   b - +0 animal skin
rPois   .          Reflect  .   (no helmet)
rElec   .          Harm     .   (no cloak)
rCorr   .          Rampage  .   (no gloves)
Will    .....                   (no boots)
Stlth   +.........              (no amulet)
HPRegen 0.08/turn               (no ring)
MPRegen 0.08/turn               (no ring)

@: no status effects
A: hooves 1
a: Renounce Religion, Berserk


You were on level 1 of the Dungeon.
You worshipped Trog.
Trog was aware of your devotion.
You visited 1 branch of the dungeon, and saw 1 of its levels.

Inventory:

Hand Weapons
 a - a +0 hand axe (weapon)
Armour
 b - a +0 animal skin (worn)
Scrolls
 c - a scroll of teleportation {unknown}
 d - a scroll of enchant armour {unknown}


   Skills:
 * Level 3.3 Fighting
 + Level 2.8 Axes
 * Level 1.9 Armour
 * Level 1.9 Dodging


You had one spell level left.
You didn't know any spells.
Your spell library was empty.

Dungeon Overview and Level Annotations

Branches:
Dungeon (1/15)

Altars:


Innate Abilities, Weirdness & Mutations

You have large cloven feet.


Message History

You kill the goblin!
Trog accepts your kill.
Things that are here:
a +0 club; a goblin corpse
d - a scroll labelled GUASINGEZ VAERPH A rat comes into view.
Found an escape hatch in the floor.
You see here a +2 short sword of draining.
The rat barely misses you. The rat bites you.
You closely miss the rat. The rat closely misses you.
You slash the rat!
You kill the rat!
Trog accepts your kill.
You see here a rat corpse.
Key pressed, stopping explore.
A rat comes into view.
A rat is nearby!
A rat is nearby!
The rat barely misses you.
You barely miss the rat. The rat misses you.
You closely miss the rat. The rat closely misses you.
You hit the rat.
You kill the rat!
Trog accepts your kill.
You have reached level 2!
Your demonic ancestry asserts itself...
Your feet thicken and deform.
A rat comes into view.
You see here a rat corpse.
A rat is nearby!
A rat is nearby!
A rat is nearby!
You barely miss the rat. Your kick misses the rat. The rat barely misses you.
You hit the rat but do no damage. The rat bites you.
You hit the rat but do no damage. The rat misses you.
You hit the rat.
You kill the rat!
Trog accepts your kill.
Are you sure you want to abandon this character and quit the game? (Confirm with "yes".)

..................
........###..#.##>
#.#########..#.###
#............#..
#..#########.# .#
#... ..#.# # #..#
#.#.# #
#..#######.#.#..#.
#@.......†........
##########.###..#.
#.# .... #.# .##
#.# .# #.. # ###


There were no monsters in sight!

Vanquished Creatures
  An endoplasm (D:1)
  A giant cockroach (D:1)
  A goblin (D:1)
  A hobgoblin (D:1)
  A ball python (D:1)
  A bat (D:1)
  3 rats (D:1)
9 creatures vanquished.

Notes
Turn   | Place    | Note
-------+----------+-------------------------------------------
     0 | D:1      | ytrimaz the Demonspawn Berserker began the quest for the
                  | Orb.
     0 | D:1      | Reached XP level 1. HP: 18/18 MP: 1/1
   241 | D:1      | Found a faded altar of an unknown god.
   457 | D:1      | Gained mutation: You have large cloven feet. [demonic
                  | ancestry]
   457 | D:1      | Reached XP level 2. HP: 24/24 MP: 2/2
   470 | D:1      | Quit the game

Illustrated notes

Levels and vault maps discovered:
D:1:      dpeg_arrival_orchard, layout_basic, ebering_ecumenical_altar_abandoned

Action                   || total
-------------------------++-------
Melee: Hand axe          ||    28
Armor: Animal skin       ||     4
Dodge: Dodged            ||    20

Table legend: (Time is in decaauts)
 A = Elapsed time spent in this place.
 B = Non-inter-level travel time spent in this place.
 C = Inter-level travel time spent in this place.
 D = Time resting spent in this place.
 E = Time spent auto-exploring this place.
 F = Levels seen in this place.
 G = Mean time per level.
                   A        B        C        D        E       F      G
               +--------+--------+--------+--------+--------+-----+--------+
         Total |    474 |    474 |      0 |      0 |    382 |   1 |  474.0 |
       Dungeon |    474 |    474 |      0 |      0 |    382 |   1 |  474.0 |
               +--------+--------+--------+--------+--------+-----+--------+

Top non-repeatable levels by time:
     D:1: 474 daAuts
